AoeStats
← MooseMooch

Arabia

509052694Analyzed
1v1 RM · 7d ago on Sep 25, 2026· 55m 27s· 2 players
Game mode
Random Map
Map size
Tiny (2 player)
Population
200
Speed
Normal
Resources
Standard
Victory
Conquest
Starting age
Dark Age
Ending age
Imperial Age
RankedLock teamsTeams togetherTeam positionsShared explorationLock speedFull tech treeHidden civsTurbo modeCheats
Victory
Defeat
🇧🇷 Cumans · Brazil
1347
+14
🇩🇪 Malians · Germany
1314
-14
MooseMooch
6:53 Loom
9:14 Feudal Age
9:20 Man-at-Arms
9:58 Double-Bit Axe
14:42 Fletching
16:33 Padded Archer Armor
18:05 Wheelbarrow
23:05 Castle Age
21:38 Bloodlines
21:33 Horse Collar
21:49 Gold Mining
23:14 Scale Barding Armor
24:21 Husbandry
24:34 Bow Saw
25:44 Heavy Plow
30:16 Elite Skirmisher
30:59 Bodkin Arrow
32:04 Leather Archer Armor
32:53 Ballistics
35:30 Imperial Age
36:06 Chain Barding Armor
35:35 Heavy Camel Rider
36:47 Ring Archer Armor
38:49 Plate Barding Armor
40:23 Forging
45:39 Masonry
46:40 Chemistry
45:43 Light Cavalry
48:38 Iron Casting
53:52 Conscription
53:33 Farimba
vatreides1
6:26 Loom
8:43 Feudal Age
14:56 Wheelbarrow
14:41 Fletching
19:13 Padded Archer Armor
22:05 Horse Collar
26:15 Castle Age
25:15 Gold Mining
27:01 Bodkin Arrow
27:36 Hand Cart
27:46 Bloodlines
28:25 Scale Barding Armor
29:26 Town Watch
30:50 Leather Archer Armor
32:16 Gold Shaft Mining
33:29 Ballistics
34:44 Chain Barding Armor
35:39 Heavy Plow
39:02 Imperial Age
38:02 Forging
38:09 Crossbowman
39:05 Double-Bit Axe
38:48 Capped Ram
39:57 Light Cavalry
41:05 Thumb Ring
41:41 Murder Holes
45:43 Chemistry
44:54 Masonry
45:25 Ring Archer Armor
44:48 Cavalier
45:41 Siege Ram
46:56 Parthian Tactics
46:08 Elite Skirmisher
46:50 Hussar
47:59 Bow Saw
48:15 Stone Mining
49:24 Plate Barding Armor
54:15 Conscription
55:18 Hoardings
Connection lost

Rejoining the realm…

Still unreachable

The connection could not be restored.

Session expired

The server has moved on; the page needs a fresh start.